 Dungeon Crawl Stone Soup version 0.27-a0-1101-ge311f74bc8 (console) character file.

Game seed: 17643655507725834916

13 nht the Charlatan (level 2, 25/25 HPs)
             Began as a Hill Orc Artificer on Apr 28, 2021.
             Quit the game on level 1 of the Dungeon.
             The game lasted 00:00:47 (303 turns).

nht the Charlatan (Hill Orc Artificer)               Turns: 303, Time: 00:00:47

Health: 25/25      AC:  3    Str: 14    XL:     2   Next: 37%
Magic:  2/2        EV: 11    Int: 11    God:
Gold:   52         SH:  0    Dex: 11    Spells: 1/1 levels left

rFire    . . .     SeeInvis .   a - +0 club
rCold    . . .     Faith    .   (no shield)
rNeg     . . .     Spirit   .   b - +0 leather armour
rPois    .         Reflect  .   (no helmet)
rElec    .         Harm     .   (no cloak)
rCorr    .         Rampage  .   (no gloves)
Will     .....                  (no boots)
Stlth    +.........             (no amulet)
HPRegen  0.08/turn              (no ring)
MPRegen  0.08/turn              (no ring)

@: no status effects
A: no striking features
a: no special abilities


You were on level 1 of the Dungeon.
You visited 1 branch of the dungeon, and saw 2 of its levels.

You collected 52 gold pieces.

Inventory:

Hand Weapons
 a - a +0 club (weapon)
Armour
 b - a +0 leather armour (worn)
Wands
 d - a wand of charming (15)
Scrolls
 f - a scroll of brand weapon {unknown}
 g - 2 scrolls of identify {unknown}
 h - a scroll of enchant armour {unknown}
Potions
 i - a potion of lignification {unknown}
Miscellaneous
 e - a piece from Xom's chessboard (13/15) (quivered)


   Skills:
 + Level 2.9 Fighting
 - Level 2.1 Armour
 - Level 0.7 Dodging
 - Level 0.7 Stealth
 - Level 3.0 Evocations


You had one spell level left.
You didn't know any spells.
Your spell library was empty.

Dungeon Overview and Level Annotations

Branches:
Dungeon (2/15)

Altars:


Message History

A frilled lizard comes into view.
Found 11 gold pieces and a scroll labelled UQIYDUAVUO.
The frilled lizard hisses angrily.
There is an open door here.
The puff of flame hits the frilled lizard!
You kill the frilled lizard!
You now have 44 gold pieces (gained 11).
h - a scroll labelled UQIYDUAVUO
There is an open door here.
There is a stone staircase leading down here.
A goblin comes into view. It is wielding a +0 dagger.
Found a stone staircase leading down.
The puff of flame hits the goblin!
You kill the goblin!
Found a yellow potion.
Things that are here:
a +0 dagger; a goblin corpse
i - a yellow potion An endoplasm comes into view.
The endoplasm quivers.
The puff of flame hits the endoplasm!
You kill the endoplasm!
You hear a shout!
A hobgoblin comes into view.
The puff of flame hits the hobgoblin.
You kill the hobgoblin!
A giant cockroach comes into view.
The puff of flame hits the giant cockroach!
You kill the giant cockroach!
The now-empty wand crumbles to dust.
You now have 52 gold pieces (gained 8).
A hobgoblin comes into view.
The hobgoblin shouts!
A kobold comes into view. It is wielding a +0 short sword.
The kobold shouts!
Found a dagger and 25 stones.
You make a move on Xom's chessboard...
The kobold seems to slow down.
You make a move on Xom's chessboard...
The hobgoblin flickers and vanishes!
Deactivating autopickup; reactivate with Ctrl-A.
Are you sure you want to abandon this character and quit the game? (Confirm with "yes".)

█..█......████.█████
█ █.........█
█.███████████
█.........█
█.██.÷..÷÷÷██
█.........█
█.'÷÷.÷.÷.÷██
█.........█
████.÷.....██
█.........█
█>███.<.██
█.........█
██...÷...█
█...█████.█
+÷.÷..÷..█ ......
█@█ ██.÷..÷÷÷█
......÷.
█.....)██████████
........█ █{...███
..... █....█ █.████


█K█ █.█ .(. You could see a kobold (slow).

Vanquished Creatures
  2 endoplasms (D:1)
  A giant cockroach (D:1)
  A goblin (D:1)
  A hobgoblin (D:1)
  A kobold (D:1)
  A quokka (D:1)
  A ball python (D:1)
  2 frilled lizards (D:1)
  2 rats (D:1)
12 creatures vanquished.

Notes
Turn   | Place    | Note
-------+----------+-------------------------------------------
     0 | D:1      | nht the Hill Orc Artificer began the quest for the Orb.
     0 | D:1      | Reached XP level 1. HP: 16/16 MP: 1/1
   106 | D:1      | Reached XP level 2. HP: 25/25 MP: 2/2
   303 | D:1      | Quit the game

Illustrated notes

Levels and vault maps discovered:
D:1:      heliophobic_arrival_battle_scene, layout_basic
D:2:      minmay_recursive_quarters, layout_rooms, st_stairs_1,
          minmay_snake_closets

Skill      XL: |  1 |
---------------+----+-----
Fighting       | 2 |  2.9
Armour         | |  2.1
Dodging        | |  0.7
Stealth        | |  0.7
Evocations     | |  3.0

Action                   || total
-------------------------++-------
Evoke: Wand              ||    15
       Piece from Xom's  ||     2

Table legend: (Time is in decaauts)
 A = Elapsed time spent in this place.
 B = Non-inter-level travel time spent in this place.
 C = Inter-level travel time spent in this place.
 D = Time resting spent in this place.
 E = Time spent auto-exploring this place.
 F = Levels seen in this place.
 G = Mean time per level.
                   A        B        C        D        E       F      G
               +--------+--------+--------+--------+--------+-----+--------+
         Total |    303 |    300 |      3 |      0 |    257 |   2 |  151.5 |
       Dungeon |    303 |    300 |      3 |      0 |    257 |   2 |  151.5 |
               +--------+--------+--------+--------+--------+-----+--------+

Top non-repeatable levels by time:
     D:1: 301 daAuts
     D:2: 1 daAuts
